 Dungeon Crawl Stone Soup version 0.31-a0-1589-g8f5e8aebd6 (webtiles) character file.

Game seed: 18230815119175726586

3621 FortyThree the Martial Artist (level 10, -2/66 HPs)
             Began as an Octopode Shapeshifter on Jan 5, 2024.
             Was an Initiate of Gozag.
             Shot with an arrow by a centaur (11 damage)
             ... on level 9 of the Dungeon.
             The game lasted 00:18:46 (9509 turns).

FortyThree the Martial Artist (OpSh)                Turns: 9509, Time: 00:18:47

Health: -2/66      AC:  1    Str: 19    XL:     10   Next: 11%
Magic:  10/10      EV: 16    Int: 12    God:    Gozag
Gold:   106        SH:  0    Dex: 17    Spells: 9/9 levels left

rFire   . .          .
                       - Unarmed
rCold   . . .        (no shield)
rNeg    . . .        (helmet currently unavailable)
rPois   .            (no amulet)
rElec   .            k - +6 ring of strength
rCorr   .            (no ring)
SInv    .            (no ring)
Will    .....        (no ring)
Stlth   +++          (no ring)
HPRegen 0.31/turn    (no ring)
MPRegen 0.12/turn    (no ring)
                     (no ring)

%: no passive effects
@: beast-form, gold aura
A: beast (slay +3), almost no armour, amphibious, 8 rings, camouflage 1,
gelatinous body 1, (nimble swimmer 1), tentacles
a: Begin Untransformation, Renounce Religion, Potion Petition, Call Merchant,
Bribe Branch


You were on level 9 of the Dungeon.
You worshipped Gozag.
Gozag was aware of your devotion.
You were a hulking beast.
You visited 2 branches of the dungeon, and saw 10 of its levels.

You collected 1000 gold pieces.
You paid 894 gold pieces to Gozag.

Inventory:

Missiles
 v - 2 throwing nets
Jewellery
 d - a ring of fire
 k - a +6 ring of strength (left tentacle)
 A - a ring of ice
 F - a ring of poison resistance
Talismans
 b - a beast talisman
 c - a flux talisman
 h - a granite talisman
 r - a serpent talisman
 t - a blade talisman
Wands
 q - a wand of roots (1)
Scrolls
 f - a scroll of fear
 g - 5 scrolls of teleportation
 n - 2 scrolls of poison
 o - a scroll of enchant armour
 p - 4 scrolls of immolation
 s - 2 scrolls of amnesia
 w - 2 scrolls of identify
 x - a scroll of vulnerability {unknown}
 y - 2 scrolls of fog {unknown}
 z - a scroll of brand weapon {unknown}
Potions
 a - a potion of attraction {unknown}
 e - a potion of resistance
 i - 3 potions of haste {unknown}
 j - 4 potions of curing {unknown}
 l - 2 potions of cancellation {unknown}
 m - 4 potions of mutation {unknown}
 C - a potion of might {unknown}
 D - a potion of brilliance {unknown}
 E - a potion of ambrosia {unknown}


   Skills:
 + Level 5.1 Fighting
 + Level 5.5 Dodging
 * Level 10.5 Unarmed Combat
 * Level 6.9 Shapeshifting


You had 9 spell levels left.
You didn't know any spells.
Your spell library contained the following spells:

 Spells                   Type           Power      Damage    Failure   Level
 Apportation              Tloc           0%         N/A       32%         1
 Necrotise                Necr           0%         1d4       32%         1
 Sandblast                Erth           0%         2d4       32%         1
 Slow                     Hex            0%         N/A       32%         1
 Sting                    Conj/Alch      0%         1d3       32%         1
 Summon Small Mammal      Summ           0%         N/A       32%         1
 Mercury Vapours          Alch/Air       0%         N/A       45%         2
 Confusing Touch          Hex            0%         N/A       69%         3
 Fugue of the Fallen      Necr           0%         N/A       69%         3
 Mephitic Cloud           Conj/Alch/Air  0%         N/A       69%         3
 Ozocubu's Armour         Ice            0%         N/A       69%         3
 Passwall                 Erth           0%         N/A       69%         3
 Sigil of Binding         Hex            0%         N/A       69%         3
 Stone Arrow              Conj/Erth      0%         3d7       69%         3
 Tukima's Dance           Hex            0%         N/A       69%         3
 Vampiric Draining        Necr           0%         2d6       69%         3
 Brom's Barrelling Bould  Conj/Erth      0%         2d3       97%         4
 Manifold Assault         Tloc           0%         N/A       97%         4
 Passage of Golubria      Tloc           0%         N/A       97%         4
 Freezing Cloud           Conj/Ice/Air   0%         6-21      100%        5
 Yara's Violent Unravell  Hex/Alch       0%         3d3       100%        5
 Malign Gateway           Summ/Tloc      0%         N/A       100%        7
 Summon Horrible Things   Summ           0%         N/A       100%        8


Dungeon Overview and Level Annotations

Branches:
Dungeon (9/15)             Temple (1/1) D:6             Orc (0/2) D:9
   Lair: D:8-11

Altars:
Ashenzari
Cheibriados
Dithmenos
Elyvilon
Fedhas
Gozag
Hepliaklqana
Kikubaaqudgha
Makhleb
Nemelex Xobeh
Okawaru
Qazlal
Ru
Sif Muna
Trog
Uskayaw
Vehumet
Wu Jian
Xom
Yredelemnul
Zin
The Shining One

Portals:
Bailey: D:9

Annotations:
D:2 1 runed translucent door, Crazy Yiuf
D:6 Maggie


Innate Abilities, Weirdness & Mutations

You are a hulking beast.
Your limbs bulge with bestial killing power. (Slay +3)
You cannot wear most types of armour.
You are amphibious.
You can wear up to eight rings at the same time.
Your skin changes colour to match your surroundings (Stealth+).
Your rubbery body absorbs attacks. (AC +1, EV +1)
((You are camouflaged when in or above water. (Stealth+)))
You have tentacles for arms and can constrict up to eight enemies at once.


Message History

You bludgeon the gnoll!
You kill the gnoll!
You now have 106 gold pieces (gained 13).
Things that are here:
a +0 whip; a +0 spear A goblin comes into view.
It is wielding a +0 spear.
A goblin and an orc come into view.
Found 5 stones.
Found a flagged portal.
A goblin comes into view. It is wielding a +0 spear.
A centaur comes into view.
The goblin moves out of view.
An ufetubus comes into view.
Found a robe and a book of Displacement.
Found an escape hatch in the floor.
An orc wizard comes into view. It is wielding a +0 dagger.
The orc wizard shouts!
An orc comes into view. It is wielding a +0 flail.
The goblin shouts! x2
The goblin hits you from afar with a +0 spear.
The goblin barely misses you.
You see here 5 stones.
You enter the deep water.
The goblin hits you with a +0 spear. The goblin closely misses you.
The goblin barely misses you.
You barely miss the goblin. You grab the goblin. You squeeze the goblin.
You kill the goblin!
The goblin hits you with a +0 spear. x2
The centaur wields a +0 shortbow.
The centaur shoots an arrow.
The arrow hits you! The goblin hits you with a +0 spear.
* * * LOW HITPOINT WARNING * * *
An ice beast comes into view.
The goblin closely misses you.
Things that are here:
4 gold pieces; a +0 spear The centaur shoots an arrow.
The arrow hits you!
* * * LOW HITPOINT WARNING * * *
The goblin misses you. x2
There is a flagged portal, spattered with blood here.
The centaur shoots an arrow.
The arrow hits you!
You die...
Your body crumbles into a pile of gold.

*,,***** #.#.#.###'#*,*,,,
*,,,,,,* #..........*,*~,,
***,****,##########.#.#####*,*~~~
*,,,,,,,,...........#.##****,****
*,*,,,,,,.........c.#,..,,,,,,,**
*,*,,,,,,,#.....(...#...,,,,,,,*,
*,*,,****,##[.≈≈≈≈≈o.....,,>,,,*,
*,*,,* *,*#..≈g$g≈...Y...,,,,,*,
,,,,,* *,*#..≈.h.≈......,,,,,,,,
,,,,,* *,*#..≈.>.≈.:.###***,***,
,,,,,* *,*#..≈≈~≈≈...# *,***,
,,,,,* *,*#..........# *,**,,
,,,,,* *,*#.###...####*****,*,,,
,,,,,****,*#.**##.##*,,,,,,,,*,,,
*+**,,,,,,,.,**,,..,,,,,,,,,,,,*,
*,**,,,,,,.,,**,*.#**,,,,,,,~~~*,
,,,**,,,,,,,,,*,*,* *,,,,~~~~~~*,


You could see an ice beast, a centaur, an orc and 2 goblins.

Vanquished Creatures
  2 hornets
  A wyvern (D:7)
  2 wraiths
  An acid dragon (D:9)
  2 sky beasts
  A black bear (D:8)
  An orc warrior (D:8)
  3 ogres
  A centaur (D:7)
  4 bullfrogs
  A gnoll sergeant (D:9)
  5 scorpions
  2 jellies (D:6)
  3 wights (D:8)
  An electric eel (D:7)
  4 howler monkeys (D:6)
  An orc priest (D:6)
  2 gnoll boudas
  A sleepcap (D:5)
  Jessica (D:3)
  3 iguanas
  2 orc wizards
  Natasha (thrice) (D:2)
  Robin (D:2)
  13 gnolls
  2 adders
  A shadow imp (D:8)
  A white imp (D:6)
  4 ufetubi
  3 dart slugs
  3 ribbon worms
  25 orcs
  12 ball pythons
  2 bats (D:3)
  8 endoplasms
  4 giant cockroaches
  22 goblins
  9 hobgoblins
  3 jackals (D:1)
  6 kobolds
  6 quokkas
  4 frilled lizards
  4 rats
180 creatures vanquished.

Vanquished Creatures (collateral kills)
  A steam dragon (D:6)
  A jelly (D:6)
  A white imp (D:6)
  An orc (D:6)
4 creatures vanquished.

Vanquished Creatures (others)
  A sky beast (D:6)
  A gnoll (D:6)
2 creatures vanquished.

Grand Total: 186 creatures vanquished

Notes
Turn   | Place    | Note
-------+----------+-------------------------------------------
     0 | D:1      | FortyThree the Octopode Shapeshifter began the quest for
                  | the Orb.
     0 | D:1      | Reached XP level 1. HP: 13/13 MP: 1/1
    80 | D:1      | Reached XP level 2. HP: 18/18 MP: 2/2
   219 | D:1      | Reached skill level 4 in Unarmed Combat
   293 | D:1      | Reached XP level 3. HP: 19/23 MP: 3/3
  1044 | D:2      | Found a stormy altar of Qazlal.
  1063 | D:2      | Found a faded altar of an unknown god.
  1259 | D:2      | Noticed Robin
  1271 | D:2      | Reached XP level 4. HP: 10/28 MP: 4/4
  1272 | D:2      | Killed Robin
  1277 | D:2      | Reached skill level 5 in Unarmed Combat
  1280 | D:2      | HP: 2/42 [poisoned by a goblin]
  1472 | D:2      | Noticed Natasha
  1476 | D:2      | Killed Natasha
  1696 | D:2      | Noticed Natasha
  1701 | D:2      | Killed Natasha
  1702 | D:2      | Reached XP level 5. HP: 33/33 MP: 5/5
  1712 | D:2      | Found a runed translucent door.
  1713 | D:2      | Noticed Crazy Yiuf
  1751 | D:2      | Noticed Natasha
  1758 | D:2      | Killed Natasha
  2081 | D:3      | Reached skill level 6 in Unarmed Combat
  2284 | D:3      | Noticed Jessica
  2291 | D:3      | Killed Jessica
  2803 | D:4      | Reached XP level 6. HP: 14/38 MP: 6/6
  3199 | D:4      | Reached skill level 7 in Unarmed Combat
  3441 | D:5      | Entered Level 5 of the Dungeon
  3943 | D:5      | Reached XP level 7. HP: 36/43 MP: 7/7
  4401 | D:6      | Reached skill level 8 in Unarmed Combat
  4670 | D:6      | Reached XP level 8. HP: 8/51 MP: 8/8
  4959 | D:6      | Identified the +7 trident "Ahivvac" {freeze, rF+ Will+
                  | Int+3}
  5214 | D:6      | Noticed Maggie
  5378 | D:6      | Found a staircase to the Ecumenical Temple.
  5623 | Temple   | Entered the Ecumenical Temple
  5646 | Temple   | Became a worshipper of Gozag Ym Sagoz the Greedy
  6170 | D:7      | Found a hazy altar of Hepliaklqana.
  6171 | D:7      | Found a shimmering blue altar of Sif Muna.
  6171 | D:7      | Found a glowing silver altar of Zin.
  6172 | D:7      | Found a white marble altar of Elyvilon.
  6317 | D:7      | Noticed a hornet
  6641 | D:6      | Reached skill level 9 in Unarmed Combat
  6758 | D:7      | Reached skill level 5 in Shapeshifting
  6761 | D:7      | Reached XP level 9. HP: 34/58 MP: 9/9
  7223 | D:7      | Killed a hornet
  7335 | D:7      | Found a hide-covered altar of Uskayaw.
  8166 | D:8      | Reached skill level 5 in Dodging
  8166 | D:8      | Reached skill level 10 in Unarmed Combat
  8986 | D:9      | Found a staircase to the Orcish Mines.
  9195 | D:9      | Noticed a hornet
  9208 | D:9      | Killed a hornet
  9209 | D:9      | Reached XP level 10. HP: 65/65 MP: 10/10
  9220 | D:9      | Reached skill level 5 in Fighting
  9500 | D:9      | Found a flagged portal.
  9509 | D:9      | Shot with an arrow by a centaur

Illustrated notes

Levels and vault maps discovered:
D:1:      dpeg_arrival_orchard, layout_basic, nrook_campfire,
          minmay_misc_feat_rows, minmay_pentomino_u2
D:2:      layout_loops_ring, basic_altar,
          shapermc_ecumenical_altar_totnotflames, uniq_natasha,
          uniq_crazy_yiuf_cottage, uniq_robin
D:3:      layout_rooms, uniq_jessica
D:4:      cheibrodos_greedy_goblins, layout_basic,
          chequers_serial_rivers_micro_c, ebering_dispersal_statue_hall
D:5:      layout_basic
D:6:      layout_gridville, minmay_temple_entry_antechambers, minmay_between,
          uniq_maggie
D:7:      layout_gridville, eat_drink_and_be_merry_uskayaw,
          chequers_temple_overflow_statue_of_worship, serial_bayou_lagoon_a,
          minmay_starry_boxes
D:8:      layout_basic
D:9:      layout_basic, david_orc_3, enter_bailey_5, serial_ice, serial_ice_b,
          serial_ice_h, serial_ice_l, serial_ice_n, serial_ice_f, serial_ice_m,
          nicolae_wooded_promenade
Temple:   bh_familiar_temple

Skill      XL: |  1  2  3  4  5  6  7  8  9 10 |
---------------+-------------------------------+-----
Unarmed Combat | 4 5 6 7 8 9 10 | 10.5
Fighting       | 2 3 4 5 |  5.1
Dodging        | 3 4 5 |  5.5
Shapeshifting  | 5 6 |  6.9

Action                     |  1- 3 |  4- 6 |  7- 9 | 10-12 || total
---------------------------+-------+-------+-------+-------++-------
  Melee: Unarmed           |    70 |   131 |   179 |    18 ||   398
         Constrict         |    16 |    32 |    34 |     2 ||    84
         Tentacles         |     8 |    18 |    43 |     3 ||    72
         Punch             |     3 |     9 |    16 |     2 ||    30
 Invoke: Potion Petition   |       |       |     1 |       ||     1
  Evoke: Wand              |       |     5 |     4 |       ||     9
    Use: Potion            |     1 |       |     4 |       ||     5
         Scroll            |       |     9 |     7 |       ||    16
   Stab: Sleeping          |     4 |     4 |     1 |       ||     9
         Distracted        |       |       |     1 |       ||     1
         Invisible         |       |       |     1 |       ||     1
 Armour: Skin              |    37 |    46 |   119 |    23 ||   225
  Dodge: Dodged            |    44 |    71 |    96 |    13 ||   224

Table legend: (Time is in decaauts)
 A = Elapsed time spent in this place.
 B = Non-inter-level travel time spent in this place.
 C = Inter-level travel time spent in this place.
 D = Time resting spent in this place.
 E = Time spent auto-exploring this place.
 F = Levels seen in this place.
 G = Mean time per level.
                   A        B        C        D        E       F      G
               +--------+--------+--------+--------+--------+-----+--------+
         Total |   9489 |   9205 |    284 |   1330 |   5450 |  10 |  948.9 |
       Dungeon |   9447 |   9180 |    267 |   1330 |   5450 |   9 | 1049.7 |
        Temple |     41 |     24 |     17 |      0 |      0 |   1 |   41.0 |
               +--------+--------+--------+--------+--------+-----+--------+

Top non-repeatable levels by time:
     D:6: 1845 daAuts
     D:8: 1594 daAuts
     D:7: 1398 daAuts
     D:5: 1054 daAuts
     D:1: 979 daAuts
     D:2: 970 daAuts
     D:4: 927 daAuts
     D:3: 546 daAuts
     D:9: 130 daAuts
  Temple: 41 daAuts
